 Dungeon Crawl Stone Soup version 0.20.0-7-g3b7b877 (webtiles) character file.

70 Hasart the Ducker (level 4, -6/19 HPs)
             Began as a Felid Transmuter on May 29, 2017.
             Mangled by an orc
             ... wielding a +4 hand axe
              (9 damage)
             ... on level 3 of the Dungeon.
             The game lasted 00:07:43 (3782 turns).

Hasart the Ducker (Felid Transmuter)                Turns: 3782, Time: 00:07:45

Health: -6/19      AC:  1    Str:  6    XL:     4   Next: 4%
Magic:  8/8        EV: 20    Int: 15    God:
Gold:   133        SH:  3    Dex: 17    Spells: 6/7 levels left
                                        Lives:  0   Deaths: 1

rFire    . . .     SeeInvis +     - Unarmed
rCold    . . .     Gourm    .   (shield unavailable)
rNeg     . . .     Faith    .   (armour unavailable)
rPois    .         Spirit   .   (helmet unavailable)
rElec    .         Reflect  +   (cloak unavailable)
rCorr    .         Harm     .   (gloves unavailable)
MR       .....                  (boots unavailable)
Stlth    ++........             m - +3 amulet of reflection
Regen    0.1/turn               (no ring)
MPRegen  0.2/turn               (no ring)

@: quick
A: no armour, no weapons or thrown items, stealth, antennae 1, claws 1, fangs 3,
see invisible, carnivore 3, speed 1, shaggy fur 1, slow metabolism 1, evolution
1, sharp paws
a: no special abilities


You were on level 3 of the Dungeon.
You were not hungry.

You visited 1 branch of the dungeon, and saw 3 of its levels.

You collected 133 gold pieces.

Inventory:

Missiles
 a - 82 arrows
Jewellery
 l - an uncursed ring of fire
 m - a +3 amulet of reflection (around neck)
Scrolls
 e - 3 scrolls of teleportation {unknown}
 f - a scroll of amnesia {unknown}
 g - 6 scrolls of remove curse {unknown}
 h - a scroll of magic mapping {unknown}
 o - a scroll of immolation {unknown}
Potions
 d - 2 potions of heal wounds {unknown}
 i - a potion of magic {unknown}
 j - a potion of lignification
 k - a potion of cancellation {unknown}
Books
 b - a book of Changes

   Spells                             Type                      Level
   a - Beastly Appendage              Transmutation                1
   b - Sticks to Snakes               Transmutation                2
   c - Spider Form                    Transmutation/Poison         3
   d - Ice Form                       Ice/Transmutation            4
   e - Blade Hands                    Transmutation                5
Comestibles
 c - a meat ration
 n - a royal jelly


   Skills:
 + Level 1.7 Fighting
 * Level 4.7 Dodging
 + Level 1.7 Stealth
 * Level 4.1 Unarmed Combat
 - Level 2.0 Spellcasting
 + Level 2.7 Transmutations


You had 6 spell levels left.
You knew the following spells:

 Your Spells              Type           Power        Failure   Level  Hunger
a - Beastly Appendage     Tmut           #.....       7%          1    #......


Dungeon Overview and Level Annotations

Branches:
Dungeon (3/15)

Altars:
Gozag
Hepliaklqana
Makhleb
Uskayaw
Xom

Annotations:
D:2 1 runed door, Terence


Innate Abilities, Weirdness & Mutations

You cannot wear armour.
You are incapable of wielding weapons or throwing items.
Your paws allow you to move quietly. (Stealth)
You have sharp claws.
You have razor-sharp teeth.
You have supernaturally acute eyesight. (SInv)
You are carnivorous and can eat meat at any time.
You cover ground quickly.
You are covered in fur. (AC +1)
You have a slow metabolism.
Your sharp claws are effective at attacking unaware monsters.
You have a pair of small antennae on your head.
You evolve.


Message History

The orc priest begins to cast a cantrip, but forgets the words!
You closely miss the orc priest.
The orc priest is moderately wounded.
You scratch the orc priest but do no damage.
The orc priest is moderately wounded.
The orc priest closely misses you. The orc closely misses you. x2
You claw the orc priest!
The orc priest is severely wounded.
The orc priest barely misses you.
The orc hits you with an enchanted hand axe.
* * * LOW HITPOINT WARNING * * *
The orc completely misses you.
You completely miss the orc priest. Your claw misses the orc priest.
You bite the orc priest, but do no damage.
The orc priest is severely wounded.
The orc priest calls down the wrath of Beogh upon you.
Pain shoots through your body!
* * * LOW HITPOINT WARNING * * *
The orc hits you with an enchanted hand axe!
You die...

#.........###.#..........#......
.........#............#......%.
...........#...................
#.......#...................
#...........†.......<.......
#.)(........................
###.###.............###.#>..
#...).##.##oo......## #.##..
#.#.###....@o......####.....
#.._..#.....................
###.#.#.............######..
#.....#%.((.........# #..
###.###.............# ##.
#.................#######.
##......>........##...#...
##.............##........
#.......!................


You could see an orc priest and 2 orcs.

Vanquished Creatures
  A worker ant (D:3)
  3 adders
  2 oozes (D:3)
  A worm (D:2)
  4 leopard geckos
  An orc (D:2)
  9 bats
  2 giant cockroaches
  14 goblins
  8 hobgoblins
  8 jackals
  2 quokkas (D:2)
  A ball python (D:1)
  4 frilled lizards
  5 kobolds
  9 rats
74 creatures vanquished.

Notes
Turn   | Place    | Note
-------+----------+-------------------------------------------
     0 | D:1      | Hasart the Felid Transmuter began the quest for the Orb.
     0 | D:1      | Reached XP level 1. HP: 9/9 MP: 4/4
   595 | D:1      | Reached XP level 2. HP: 12/12 MP: 4/6
  1224 | D:1      | Reached XP level 3. HP: 15/15 MP: 7/7
  1754 | D:2      | Noticed a hand axe
  1755 | D:2      | Noticed a hand axe
  1758 | D:2      | Found a hide-covered altar of Uskayaw.
  1765 | D:2      | Reached skill level 1 in Stealth
  2030 | D:2      | Found a burning altar of Makhleb.
  2191 | D:2      | Reached XP level 4. HP: 19/19 MP: 8/8
  2287 | D:2      | Noticed Terence
  2644 | D:2      | Found a hazy altar of Hepliaklqana.
  2645 | D:2      | Found a shimmering altar of Xom.
  2645 | D:2      | Noticed a sphinx zombie
  2646 | D:2      | Noticed a sphinx zombie
  2646 | D:2      | Noticed a spectral ugly thing
  2787 | D:2      | Found a runed door.
  3410 | D:3      | Found an opulent altar of Gozag.
  3445 | D:3      | Reached XP level 5. HP: 8/22 MP: 6/9
  3446 | D:3      | Gained mutation: Your spells are a little harder to cast, but a little more powerful. [potion of mutation]
  3446 | D:3      | Gained mutation: You tend to lose your temper in combat. [potion of mutation]
  3446 | D:3      | Gained mutation: You are somewhat resistant to further mutation. [potion of mutation]
  3447 | D:3      | Lost mutation: Your spells are a little harder to cast, but a little more powerful. [potion of mutation]
  3447 | D:3      | Lost mutation: You tend to lose your temper in combat. [potion of mutation]
  3447 | D:3      | Lost mutation: You are somewhat resistant to further mutation. [potion of mutation]
  3447 | D:3      | Gained mutation: You evolve. [potion of mutation]
  3447 | D:3      | Gained mutation: You have a pair of small antennae on your head. [potion of mutation]
  3764 | D:3      | Slain by an orc
  3765 | D:3      | Reached XP level 4. HP: -3/19 MP: 8/8
  3782 | D:3      | Mangled by an orc

Skill      XL: |  1  2  3  4 |
---------------+-------------+-----
Dodging        | 3 4 |  4.7
Stealth        | 1 |  1.7
Unarmed Combat | 4 |  4.1
Fighting       | |  1.7
Spellcasting   | |  2.0
Transmutations | |  2.7

Action                   |  1- 3 |  4- 6 || total
-------------------------+-------+-------++-------
Melee: Unarmed           |   120 |    63 ||   183
       Headbutt          |    11 |     2 ||    13
       Bite              |     7 |     7 ||    14
       Punch             |     1 |       ||     1
 Cast: Beastly Appendage |     9 |     2 ||    11
  Use: Potion            |       |     3 ||     3
 Stab: Sleeping          |     6 |     8 ||    14
  Eat: Chunk             |     6 |     7 ||    13
Armor: Skin              |     6 |     6 ||    12
Dodge: Dodged            |   100 |    64 ||   164
Block: Other             |       |     7 ||     7
